 Dungeon Crawl Stone Soup version 0.28-a0-1594-ga885d4b3d6 (webtiles) character file.

Game seed: 6114896170649130875

13036 Hasart the Carver (level 11, -4/91 HPs)
             Began as a Demigod Fighter on Jan 20, 2022.
             Slain by an orc warrior (14 damage)
             ... led by an orc knight
             ... on level 2 of the Orcish Mines.
             The game lasted 00:35:19 (11932 turns).

Hasart the Carver (Demigod Fighter)                Turns: 11932, Time: 00:35:19

Health: -4/91      AC:  9    Str: 25    XL:     11   Next: 43%
Magic:  14/14      EV: 13    Int: 10    God:
Gold:   1225       SH: 11    Dex: 17    Spells: 10/10 levels left

rFire   + . .      SeeInvis +   a - +2 long sword (flame)
rCold   . . .      Faith    .   b - +0 kite shield
rNeg    . . .      Spirit   .   D - +3 leather armour {rPois}
rPois   +          Reflect  .   P - +0 helmet
rElec   .          Harm     .   (no cloak)
rCorr   .          Rampage  .   (no gloves)
Will    +....                   I - +0 pair of boots
Stlth   +.........              l - amulet of regeneration
HPRegen 1.05/turn               j - ring of protection from fire
MPRegen 0.14/turn               c - ring of see invisible

@: no status effects
A: high mp 1, forlorn, divine attributes
a: no special abilities


You were on level 2 of the Orcish Mines.
You visited 2 branches of the dungeon, and saw 12 of its levels.
You also visited: Sewer and Ossuary.

You collected 1225 gold pieces.

Inventory:

Hand Weapons
 a - a +2 long sword of flaming (weapon)
Missiles
 i - 7 javelins (quivered)
 G - a throwing net
Armour
 b - a +0 kite shield (worn)
 g - a +0 troll leather armour
 D - a +3 leather armour of poison resistance (worn)
 I - a +0 pair of boots (worn)
 P - a +0 helmet (worn)
Jewellery
 c - a ring of see invisible (right hand)
 e - an amulet of reflection
 j - a ring of protection from fire (left hand)
 l - an amulet of regeneration (around neck)
 p - a ring of positive energy
 E - a +4 ring of protection
 H - a ring of wizardry
 J - a +6 ring of dexterity
 K - a ring of protection from cold
 O - a +6 ring of dexterity
Wands
 m - a wand of digging (7)
 n - a wand of paralysis (5)
 s - a wand of flame (36)
 y - a wand of iceblast (27)
 L - a wand of charming (13)
Scrolls
 h - 8 scrolls of identify
 k - 5 scrolls of brand weapon
 r - a scroll of magic mapping
 u - 7 scrolls of teleportation
 w - 3 scrolls of amnesia
Potions
 d - 3 potions of might
 f - 2 potions of brilliance {unknown}
 o - a potion of attraction {unknown}
 q - 2 potions of mutation
 v - 4 potions of lignification
 x - 4 potions of curing {unknown}
 z - a potion of cancellation {unknown}
 A - 2 potions of resistance
 B - 3 potions of magic
 C - a potion of flight {unknown}
 F - 3 potions of haste {unknown}
 M - a potion of degeneration {unknown}
 N - a potion of invisibility {unknown}
 Q - a potion of heal wounds


   Skills:
 + Level 6.9 Fighting
 * Level 9.3 Long Blades
 + Level 6.0 Throwing
 + Level 6.9 Armour
 + Level 6.2 Dodging
 + Level 7.0 Shields
 + Level 4.7 Evocations


You had 10 spell levels left.
You didn't know any spells.
Your spell library contained the following spells:

 Spells                   Type           Power      Damage    Failure   Level
 Foxfire                  Conj/Fire      0%         2x1d4     73%         1
 Pain                     Necr           0%         1d4       73%         1
 Corpse Rot               Necr/Air       0%         N/A       86%         2
 Conjure Flame            Conj/Fire      0%         6-21      97%         3
 Inner Flame              Hex/Fire       0%         N/A       97%         3
 Dispel Undead            Necr           0%         3d6       100%        4
 Flame Wave               Conj/Fire      0%         2d4       100%        4
 Passage of Golubria      Tloc           0%         N/A       100%        4
 Agony                    Necr           0%         N/A       100%        5
 Excruciating Wounds      Necr           0%         N/A       100%        5
 Silence                  Hex/Air        0%         N/A       100%        5
 Death Channel            Necr           0%         N/A       100%        6
 Lehudib's Crystal Spear  Conj/Erth      0%         10d2      100%        8


Dungeon Overview and Level Annotations

Branches:
Dungeon (10/15)            Temple (0/1) D:4            Lair (0/6) D:8
    Orc (2/2) D:10          Sewer (visited)         Ossuary (visited)
    Elf: Orc:2

Shops:
D:1 [   D:5 :[=

Annotations:
D:7 1 runed translucent door, Crazy Yiuf


Innate Abilities, Weirdness & Mutations

You have an increased reservoir of magic. (+10% MP)
You shall have no god before yourself.
Your divine heritage dramatically boosts your attributes as you level up.


Message History

You block the orc warrior's attack. The troll closely misses you.
The troll claws you. x2
There is a stone staircase leading down, spattered with blood here.
Unknown command.
Unknown command.
The orc warrior barely misses you. The orc warrior closely misses you.
You block the orc warrior's attack. You block the ogre's attack.
The troll barely misses you. The troll claws you. The troll barely misses you.
You climb downwards.
There is a stone staircase leading up, spattered with blood here.
Things that are here:
a +0 plate armour; a +0 battleaxe; an orc corpse Unknown command.
Okay, then.
You slash the orc warrior! You burn the orc warrior.
The orc warrior is severely wounded.
You block the orc warrior's attack. x2; The troll completely misses you.
The troll claws you! The troll closely misses you. The ogre closely misses you.
You barely miss the orc warrior.
The orc warrior is severely wounded.
The orc warrior hits you with a +0 hand axe!
The orc warrior misses you. You block the troll's attack.
The troll barely misses you. The troll closely misses you.
You block the ogre's attack.
You hit the orc warrior. You burn the orc warrior.
The orc warrior is almost dead.
The orc warrior hits you with a +0 hand axe.
The orc warrior hits you with a +0 war axe!
The troll closely misses you. The troll claws you but does no damage.
The troll claws you!
* * * LOW HITPOINT WARNING * * *
You hit the orc warrior.
You kill the orc warrior!
You block the orc warrior's attack. The ogre hits you with a +0 giant club!
* * * LOW HITPOINT WARNING * * *
The troll closely misses you. You block the troll's attack.
The troll barely misses you.
Unknown command.
The orc warrior hits you with a +0 war axe!
You die...

##..#.....##.......###
##.......##...........#
#.o......##..........##
.##..#.............
#...#............
##...............
###.........#.#....
##o#........####....
#O<@.....#### ###...
###T........# #.#...
#.........###.....
##.........##.....
##.........[.....
###.............
##...<.......#
#...........#
##.......####


You could see a troll, an orc warrior and an ogre.

Vanquished Creatures
  Harold (D:7)
  A boulder beetle (D:10)
  A two-headed ogre (D:9)
  Pikel (D:7)
  Maggie (D:6)
  A komodo dragon (D:8)
  3 trolls
  A hornet (D:10)
  Grinder (D:5)
  A shadow (D:9)
  6 yaks (D:9)
  5 wyverns
  A steam dragon (D:8)
  2 wargs (Orc:2)
  Grum (D:8)
  An acid dragon (D:9)
  3 water moccasins
  An ice beast (D:5)
  11 orc warriors
  4 ogres
  5 black bears (D:6)
  A sky beast (D:6)
  A necrophage (D:8)
  4 wolves
  3 centaurs
  A kobold brigand (D:7)
  2 phantoms
  7 bullfrogs
  2 gnoll sergeants
  A wyvern zombie (D:5)
  2 scorpions (D:5)
  A wyvern skeleton (D:6)
  3 killer bees
  A water moccasin skeleton (D:5)
  5 wights (D:8)
  9 howler monkeys
  A hound (D:4)
  5 jellies
  9 centaur zombies
  2 bullfrog skeletons
  12 orc priests
  A centaur skeleton (D:6)
  4 iguanas
  15 orc wizards
  Ijyb (D:5)
  Natasha (thrice) (D:4)
  6 mummies (Ossuary)
  A hound skeleton (D:4)
  4 gnolls
  2 howler monkey skeletons
  5 adders
  A shadow imp (D:6)
  A white imp (D:5)
  An adder skeleton (D:4)
  4 worms
  A dart slug (D:1)
  60 orcs
  13 ball pythons
  16 endoplasms
  5 giant cockroaches
  6 hobgoblins
  2 jackals (D:1)
  11 kobolds
  8 quokkas
  5 bats
  10 frilled lizards
  9 goblins
  3 hobgoblin zombies (Ossuary)
  5 rats
327 creatures vanquished.

Vanquished Creatures (others)
  A vampire (D:9)
  18 plants (D:8)
19 creatures vanquished.

Grand Total: 346 creatures vanquished

Notes
Turn   | Place    | Note
-------+----------+-------------------------------------------
     0 | D:1      | Hasart the Demigod Fighter began the quest for the Orb.
     0 | D:1      | Reached XP level 1. HP: 18/18 MP: 3/3
   122 | D:1      | Reached skill level 2 in Long Blades
   364 | D:1      | Reached XP level 2. HP: 24/25 MP: 4/4
   547 | D:1      | Found Pissuupn's Armour Boutique.
  1012 | D:1      | Reached XP level 3. HP: 10/30 MP: 5/5
  1464 | D:2      | Reached skill level 1 in Dodging
  2081 | D:2      | Reached XP level 4. HP: 33/38 MP: 6/6
  2089 | D:2      | Reached skill level 3 in Long Blades
  2782 | D:2      | Reached XP level 5. HP: 45/45 MP: 7/7
  3159 | D:3      | Identified the ring "Hushotax" {Ice +Blink rElec Dex+2
                  | Slay-6}
  3309 | D:3      | Found a glowing drain.
  3321 | Sewer    | Entered a sewer
  3617 | Sewer    | Reached skill level 1 in Throwing
  3627 | Sewer    | Reached XP level 6. HP: 17/51 MP: 8/8
  4051 | D:4      | Found a staircase to the Ecumenical Temple.
  4083 | D:4      | Noticed Natasha
  4093 | D:4      | Killed Natasha
  4188 | D:4      | Reached skill level 4 in Long Blades
  4240 | D:4      | Noticed Natasha
  4260 | D:4      | Reached XP level 7. HP: 58/58 MP: 9/9
  4263 | D:4      | Killed Natasha
  4265 | D:4      | Noticed Natasha
  4275 | D:4      | Killed Natasha
  4303 | D:4      | Found a sand-covered staircase.
  4336 | Ossuary  | Entered an ossuary
  4940 | D:5      | Entered Level 5 of the Dungeon
  4953 | D:5      | Noticed Grinder
  4966 | D:5      | Reached skill level 5 in Long Blades
  4979 | D:5      | Killed Grinder
  4980 | D:5      | Reached XP level 8. HP: 67/67 MP: 10/10
  5035 | D:5      | Found Viwapima's Book Shoppe.
  5167 | D:5      | Noticed Ijyb
  5191 | D:5      | Killed Ijyb
  5313 | D:5      | Found Qumoypseth's Jewellery Emporium.
  5316 | D:5      | Found Xowki's Armour Boutique.
  5564 | D:6      | Reached skill level 6 in Long Blades
  5566 | D:6      | Reached skill level 5 in Shields
  5638 | D:6      | Reached skill level 5 in Fighting
  5652 | D:6      | Reached skill level 1 in Evocations
  5700 | D:6      | Noticed a troll
  5711 | D:6      | Killed a troll
  5712 | D:6      | Reached skill level 5 in Armour
  5712 | D:6      | Reached XP level 9. HP: 61/74 MP: 11/11
  6353 | D:6      | Noticed Maggie
  6386 | D:6      | Killed Maggie
  6393 | D:6      | Identified the +2 ring mail "Cayciv" {Str+8 Int-2}
  6488 | D:6      | Reached skill level 7 in Long Blades
  6993 | D:7      | Noticed Harold
  7108 | D:7      | Found a runed translucent door.
  7109 | D:7      | Noticed Crazy Yiuf
  7166 | D:7      | Paralysed by Harold for 3 turns
  7176 | D:7      | Killed Harold
  7177 | D:7      | Reached XP level 10. HP: 54/83 MP: 13/13
  7350 | D:7      | Noticed Pikel
  7383 | D:7      | Killed Pikel
  7384 | D:7      | Reached skill level 5 in Dodging
  8091 | D:8      | Reached skill level 8 in Long Blades
  8373 | D:8      | Reached skill level 5 in Throwing
  8568 | D:8      | Found a staircase to the Lair.
  8612 | D:8      | Noticed Grum
  8664 | D:8      | Killed Grum
  9202 | D:9      | Noticed a two-headed ogre
  9233 | D:9      | Killed a two-headed ogre
  9584 | D:9      | HP: 1/126 [something (16)]
  9966 | D:9      | Reached XP level 11. HP: 54/91 MP: 14/14
 10123 | D:10     | Entered Level 10 of the Dungeon
 10235 | D:10     | Noticed a boulder beetle
 10277 | D:10     | Killed a boulder beetle
 10458 | D:10     | Reached skill level 9 in Long Blades
 10542 | D:10     | Found a staircase to the Orcish Mines.
 11022 | Orc:1    | Entered Level 1 of the Orcish Mines
 11204 | Orc:2    | Entered Level 2 of the Orcish Mines
 11737 | Orc:1    | Noticed an orc knight
 11932 | Orc:2    | Slain by an orc warrior

Illustrated notes

Levels and vault maps discovered:
D:1:      minmay_arrival_five_plusses, layout_basic, serial_shops,
          nicolae_shop_trees, ebering_ecumenical_altar_mist,
          palyth_stone_intersect
D:2:      layout_loops_cross, minmay_tetromino_i2
D:3:      layout_basic, nicolae_overflow_crystal_walls,
          cheibrodos_sewer_entry_bend
D:4:      layout_loops_cross, minmay_temple_entry_gardened_gates,
          enter_ossuary_1, uniq_natasha
D:5:      layout_basic, serial_shops, shop, kennysheep_mini, shop_fountains,
          uniq_ijyb, uniq_grinder
D:6:      cheibrodos_fzero, layout_basic, uniq_maggie
D:7:      layout_rooms, serial_rivers, chequers_serial_rivers_micro_e,
          chequers_serial_rivers_micro_a, chequers_serial_rivers_marsh,
          chequers_serial_rivers_room_a, chequers_serial_rivers_room_b,
          chequers_serial_rivers_micro_a, minmay_strange_pillars,
          hangedman_abyss_or_decor_stabs, uniq_crazy_yiuf_cottage, uniq_pikel,
          uniq_harold
D:8:      layout_basic, david_lair_shrubbed, uniq_grum
D:9:      layout_basic, kennysheep_little_box, nicolae_overflow_hidden_temple,
          minmay_starry_boxes
D:10:     layout_rooms, hiddenorc2_lemuel
Orc:1:    layout_caves, minmay_orc_temple_c
Orc:2:    pf_orc_diabolical, layout_diamond_mine, uniq_maurice

Skill      XL: |  1  2  3  4  5  6  7  8  9 10 11 |
---------------+----------------------------------+-----
Long Blades    | 2 3 4 5 6 7 8 9 |  9.3
Shields        | 3 4 5 6 7 |  7.0
Fighting       | 3 4 5 6 |  6.9
Armour         | 3 4 5 6 |  6.9
Dodging        | 1 2 3 4 5 6 |  6.2
Throwing       | 1 2 3 4 5 6 |  6.0
Evocations     | 1 2 4 |  4.7

Action                   |  1- 3 |  4- 6 |  7- 9 | 10-12 || total
-------------------------+-------+-------+-------+-------++-------
Melee: Long sword        |   144 |   235 |   494 |   622 ||  1495
Throw: Javelin           |       |     6 |    26 |    15 ||    47
       Throwing net      |       |       |     1 |     7 ||     8
Evoke: Wand              |       |       |     2 |     6 ||     8
  Use: Scroll            |       |       |     7 |     5 ||    12
       Potion            |       |       |       |     5 ||     5
 Stab: Held in net/web   |       |       |     2 |     1 ||     3
       Sleeping          |       |       |     1 |       ||     1
       Distracted        |       |       |       |     1 ||     1
Armor: Scale mail        |    35 |    77 |   110 |       ||   222
       Leather armour    |       |       |   124 |   185 ||   309
       Skin              |       |       |       |    33 ||    33
Dodge: Dodged            |    51 |    91 |   299 |   365 ||   806
Block: Buckler           |    65 |    84 |   146 |    90 ||   385
       Kite shield       |       |       |       |   200 ||   200

Table legend: (Time is in decaauts)
 A = Elapsed time spent in this place.
 B = Non-inter-level travel time spent in this place.
 C = Inter-level travel time spent in this place.
 D = Time resting spent in this place.
 E = Time spent auto-exploring this place.
 F = Levels seen in this place.
 G = Mean time per level.
                   A        B        C        D        E       F      G
               +--------+--------+--------+--------+--------+-----+--------+
         Total |  12280 |  11834 |    446 |   1394 |   6586 |  14 |  877.1 |
       Dungeon |  10730 |  10323 |    407 |   1132 |   6111 |  10 | 1073.0 |
  Orcish Mines |    878 |    839 |     39 |    192 |    264 |   2 |  439.0 |
         Sewer |    459 |    459 |      0 |     15 |    165 |   1 |  459.0 |
       Ossuary |    212 |    212 |      0 |     55 |     46 |   1 |  212.0 |
               +--------+--------+--------+--------+--------+-----+--------+

Top non-repeatable levels by time:
     D:1: 1662 daAuts
     D:9: 1368 daAuts
     D:6: 1305 daAuts
     D:2: 1289 daAuts
     D:7: 1133 daAuts
    D:10: 908 daAuts
     D:8: 853 daAuts
     D:3: 812 daAuts
     D:4: 715 daAuts
     D:5: 681 daAuts
   Orc:2: 467 daAuts
   Sewer: 459 daAuts
   Orc:1: 411 daAuts
 Ossuary: 212 daAuts
